 Dungeon Crawl Stone Soup version 0.30-a0-54-g2e61a25929 (webtiles) character file.

Game seed: 12014513561830022824

201 Anon1729 the Sneak (level 6, 0/32 HPs)
             Began as a Kobold Air Elementalist on Aug 26, 2022.
             Was a Believer of Cheibriados.
             Slain by Flippered's ghost (7 damage)
             ... on level 3 of the Dungeon on Sept 7, 2022.
             The game lasted 00:03:46 (3401 turns).

Anon1729 the Sneak (Kobold Air Elementalist)        Turns: 3401, Time: 00:03:46

Health: 0/32       AC:  4    Str: 10    XL:     6   Next: 7%
Magic:  10/10      EV: 17    Int: 22    God:    Cheibriados [**....]
Gold:   174        SH:  0    Dex: 25    Spells: 10/11 levels left

rFire   . . .      SeeInvis .    g - +0 dagger
rCold   . . .      Faith    .    (no shield)
rNeg    . . .      Spirit   .    a - +0 robe
rPois   .          Reflect  .    k - +0 helmet
rElec   .          Harm     .    j - +0 cloak
rCorr   .          Rampage  .    (no gloves)
Will    .....                    (no boots)
Stlth   ++++......               (no amulet)
HPRegen 0.10/turn                q - +6 ring of dexterity
MPRegen 0.12/turn                (no ring)

@: about to teleport, very slow
A: small, no large weapons, nightstalker 3
a: Renounce Religion, Bend Time


You were on level 3 of the Dungeon.
You worshipped Cheibriados.
Cheibriados was pleased with you.
You visited 1 branch of the dungeon, and saw 3 of its levels.

You collected 174 gold pieces.

Inventory:

Hand Weapons
 g - a +0 dagger (weapon)
Missiles
 w - 5 poisoned darts
Armour
 a - a +0 robe (worn)
 j - a +0 cloak (worn)
 k - a +0 helmet (worn)
Jewellery
 c - an amulet of guardian spirit
 f - an amulet of reflection
 q - a +6 ring of dexterity (left hand)
 r - an amulet of regeneration
Wands
 m - a wand of flame (1)
Scrolls
 d - a scroll of butterflies
 h - a scroll of magic mapping
 i - a scroll of poison
 l - a scroll of noise
 n - a scroll of enchant weapon
 o - 2 scrolls of immolation
 v - a scroll of torment
Potions
 b - 2 potions of magic
 s - a potion of ambrosia {unknown}
 t - a potion of brilliance {unknown}
 u - a potion of haste {unknown}


   Skills:
 + Level 3.8 Dodging
 + Level 4.4 Stealth
 + Level 3.2 Spellcasting
 + Level 2.4 Conjurations
 + Level 3.8 Air Magic


You had 10 spell levels left.
You knew the following spells:

 Your Spells              Type           Power      Damage    Failure   Level
a - Shock                 Conj/Air       68%        1d7       3%          1

Your spell library contained the following spells:

 Spells                   Type           Power      Damage    Failure   Level
 Static Discharge         Conj/Air       34%        3-6/arc   4%          2
 Swiftness                Air            20%        N/A       8%          3
 Airstrike                Air            10%        2d(2-18)  26%         4
 Chain Lightning          Conj/Air       8%         3d11      100%        9
 Fire Storm               Conj/Fire      4%         8d1       100%        9
 Shatter                  Erth           1%         3d6*      100%        9


Dungeon Overview and Level Annotations

Branches:
Dungeon (3/15)

Altars:
Cheibriados
Gozag
Sif Muna
Uskayaw
Wu Jian

Annotations:
D:3 Flippered's ghost, amateur DjGl


Innate Abilities, Weirdness & Mutations

You are small and have problems with some larger weapons.
You are completely attuned to the shadows.


Message History

The zap hits Flippered's ghost.
Flippered's ghost is lightly damaged.
Flippered's ghost hits you!
Casting: Shock (safe; 3% risk of failure)
Confirm with . or Enter, or press ? or * to list all spells.
Aiming: Shock (safe; 3% risk of failure)
Press: ? - help, Shift-Dir - straight line, f/p - Flippered's ghost
Aim: Flippered's ghost (lightly damaged, 68% to hit)
Okay, then.
As you read the scroll labelled YRAUPL ITOM, it crumbles to dust.
It is a scroll of identify.
o - 2 scrolls of immolation Flippered's ghost closely misses you.
As you read the scroll of identify, it crumbles to dust.
d - a scroll of butterflies Flippered's ghost misses you.
As you read the scroll of identify, it crumbles to dust.
h - a scroll of magic mapping Flippered's ghost misses you.
As you read the scroll of identify, it crumbles to dust.
l - a scroll of noise Flippered's ghost misses you.
As you read the scroll of identify, it crumbles to dust.
i - a scroll of poison Flippered's ghost misses you.
As you read the scroll of identify, it crumbles to dust.
v - a scroll of torment Flippered's ghost closely misses you.
As you read the scroll of identify, it crumbles to dust.
n - a scroll of enchant weapon Flippered's ghost hits you!
Flippered's ghost giggles, "Hey deadhead, what fun to see your head drop dead!"
Flippered's ghost barely misses you.
As you read the scroll labelled YNAESCH JIOL, it crumbles to dust.
You feel strangely unstable.
It was a scroll of teleportation.
Flippered's ghost hits you.
* * * LOW HITPOINT WARNING * * *
Flippered's ghost attacks as you move away!
Flippered's ghost barely misses you. Flippered's ghost hits you!
You die...

#......#..............^..
#............<...........
#....................###'
#....................# #.
###..>.................###.
#...#...##.....(.......'.._
#...#...##.............####
#...................#..# ##
#........W@.........#..####
#...................##.....
###.....###'''###............
#....#..#.(....(#..####......
#....##.#....(..#### #......
#.......#..(....# #####.....#
#.......#.....((# #..........
#.......# #..........
#.......# #########..........


You could see Flippered's ghost.

Vanquished Creatures
  Sigmund (D:3)
  2 dart slugs (D:1)
  5 ball pythons
  4 endoplasms
  2 giant cockroaches
  5 goblins
  4 hobgoblins
  3 jackals (D:2)
  A quokka (D:1)
  3 bats
  5 frilled lizards
  A kobold (D:2)
  9 rats
45 creatures vanquished.

Vanquished Creatures (others)
  2 fungi (D:1)
  A plant (D:1)
3 creatures vanquished.

Grand Total: 48 creatures vanquished

Notes
Turn   | Place    | Note
-------+----------+-------------------------------------------
     0 | D:1      | Anon1729 the Kobold Air Elementalist began the quest for
                  | the Orb.
     0 | D:1      | Reached XP level 1. HP: 10/10 MP: 3/3
   580 | D:1      | Reached XP level 2. HP: 15/15 MP: 0/5
   644 | D:1      | Reached skill level 3 in Stealth
   972 | D:1      | Found a faded altar of an unknown god.
   989 | D:1      | Prayed at the altar of an unknown god.
   989 | D:1      | Became a worshipper of Cheibriados the Contemplative
   989 | D:1      | Reached * piety under Cheibriados
  1378 | D:2      | Reached XP level 3. HP: 19/19 MP: 3/6
  1974 | D:2      | Reached ** piety under Cheibriados
  2582 | D:3      | Noticed Sigmund
  2583 | D:3      | Upgraded the game from 0.30-a0-29-g142975f185 to
                  | 0.30-a0-54-g2e61a25929
  2592 | D:3      | Killed Sigmund
  2593 | D:3      | Reached skill level 4 in Stealth
  2593 | D:3      | Reached XP level 4. HP: 24/24 MP: 3/8
  2593 | D:3      | Reached XP level 5. HP: 28/28 MP: 3/9
  2593 | D:3      | Reached XP level 6. HP: 32/32 MP: 3/10
  2971 | D:3      | Found an ornate altar of the Wu Jian Council.
  2979 | D:3      | Found a hide-covered altar of Uskayaw.
  2995 | D:3      | Found a shimmering blue altar of Sif Muna.
  3110 | D:3      | Found a runed translucent gate.
  3142 | D:3      | Found an opulent altar of Gozag.
  3287 | D:3      | Found a runed translucent gate.
  3307 | D:3      | Found a runed translucent gate.
  3386 | D:3      | Noticed Flippered's ghost (amateur DjGl)
  3401 | D:3      | Slain by Flippered's ghost

Illustrated notes

Levels and vault maps discovered:
D:1:      saegor_arrival_simple_b, layout_basic,
          dreamdust_ecumenical_altar_grove, serial_co_window_serial,
          co_window_of_opportunity_a, co_window_cross_1, co_window_paths_b,
          co_window_of_opportunity_a, co_window_corner_a, co_window_paths_a,
          co_window_paths_c, co_window_corner_cb, co_window_paths_c,
          co_window_of_opportunity_c, co_window_2corner,
          co_window_of_opportunity_c, co_window_broadway_a, glass_columns_b,
          glass_columns_b, glass_columns_b, glass_columns_c, glass_columns_a
D:2:      layout_basic
D:3:      layout_basic, mainiacjoe_overflow_large_starburst,
          lemuel_doored_altar, nicolae_overflow_hidden_temple,
          ebering_ghost_rock_garden, kennysheep_big_empty_room, uniq_sigmund

Skill      XL: |  1  2  3 |
---------------+----------+-----
Stealth        | 3 4 |  4.4
Dodging        | 3 |  3.8
Spellcasting   | 3 |  3.2
Conjurations   | 2 |  2.4
Air Magic      | |  3.8

Action                   |  1- 3 |  4- 6 || total
-------------------------+-------+-------++-------
Melee: Unarmed           |    11 |       ||    11
       Dagger            |     2 |     2 ||     4
 Cast: Shock             |    71 |    15 ||    86
  Use: Scroll            |       |     8 ||     8
 Stab: Sleeping          |     1 |       ||     1
Armor: Robe              |     8 |     1 ||     9
Dodge: Dodged            |    27 |     9 ||    36

Table legend: (Time is in decaauts)
 A = Elapsed time spent in this place.
 B = Non-inter-level travel time spent in this place.
 C = Inter-level travel time spent in this place.
 D = Time resting spent in this place.
 E = Time spent auto-exploring this place.
 F = Levels seen in this place.
 G = Mean time per level.
                   A        B        C        D        E       F      G
               +--------+--------+--------+--------+--------+-----+--------+
         Total |   4123 |   4072 |     51 |     37 |   3726 |   3 | 1374.3 |
       Dungeon |   4123 |   4072 |     51 |     37 |   3726 |   3 | 1374.3 |
               +--------+--------+--------+--------+--------+-----+--------+

Top non-repeatable levels by time:
     D:2: 1603 daAuts
     D:1: 1409 daAuts
     D:3: 1110 daAuts
